 Dungeon Sprint DCSS version 0.30.1-11-g7821555f0a (webtiles) character file.

Game seed: 5351494060129616117

1852 Heoruswealwe the Impaler (level 8, -26/85 HPs)
             Began as a Minotaur Fighter on Nov 15, 2023.
             Was an Initiate of Gozag.
             Killed from afar by a deep elf pyromancer (30 damage)
             ... with a bolt of fire
             ... in the Dungeon (Sprint IX: "|||||||||||||||||||||||||||||").
             The game lasted 00:02:27 (366 turns).

Heoruswealwe the Impaler (Minotaur Fighter)          Turns: 366, Time: 00:02:29

Health: -26/85     AC: 11    Str: 23    XL:     8   Next: 88%
Magic:  7/7        EV: 12    Int:  5    God:    Gozag
Gold:   405        SH:  0    Dex: 10    Spells: 7/7 levels left

rFire   . . .        b - +2 halberd (venom)
rCold   . . .        (shield currently unavailable)
rNeg    . . .        c - +1 scale mail
rPois   .            (helmet restricted)
rElec   .            (no cloak)
rCorr   .            f - +0 pair of gloves
SInv    .            (no boots)
Will    .....        (no amulet) Stlth
                     k - +2 ring of evasion
HPRegen 0.34/turn    (no ring)
MPRegen 0.10/turn

%: no teleportation
@: on fire, gold aura, glowing
A: horns 2, retaliatory headbutt
a: Renounce Religion, Potion Petition, Call Merchant, Bribe Branch


You were in the Dungeon.
You worshipped Gozag.
Gozag was aware of your devotion.
You visited 1 branch You collected 405 gold pieces.

Inventory:

Hand Weapons
 a - a +0 trident
 b - a +2 halberd of venom (weapon)
Armour
 c - a +1 scale mail (worn)
 d - a +0 buckler
 f - a +0 pair of gloves (worn)
Jewellery
 k - a +2 ring of evasion (left hand)
Wands
 h - a wand of iceblast (10)
Scrolls
 j - 2 scrolls of blinking
Potions
 e - 4 potions of curing
 g - a potion of haste
 i - a potion of berserk rage
 l - a potion of heal wounds
 m - a potion of might


   Skills:
 + Level 12.4 Fighting
 * Level 16.6 Polearms
 + Level 12.5 Armour
 - Level 3.6 Shields


You had 7 spell levels left.
You didn't know any spells.
Your spell library was empty.

Dungeon Overview and Level Annotations

Branches:
Dungeon (1/1)

Altars:
Cheibriados
Dithmenos
Elyvilon
Fedhas
Gozag
Hepliaklqana
Kikubaaqudgha
Makhleb
Nemelex Xobeh
Okawaru
Qazlal
Ru
Sif Muna
Trog
Uskayaw
Vehumet
Wu Jian
Xom
Yredelemnul
Zin
The Shining One
Jiyva
Lugonu


Innate Abilities, Weirdness & Mutations

You have a pair of horns on your head.
You reflexively headbutt those who attack you in melee.


Message History

The troll's shape twists and changes as it dies.
The deep elf pyromancer gestures wildly while chanting.
The deep elf pyromancer blinks!
You puncture the slime creature!
Your headbutt misses the slime creature.
The slime creature is lightly wounded.
The deep elf pyromancer casts a spell at you.
The sticky flame hits you!
You are covered in liquid flames!
The slime creature hits you!
* * * LOW HITPOINT WARNING * * *
You completely miss the slime creature. You headbutt the slime creature!
The slime creature is moderately wounded.
You are covered in liquid flames!
* * * LOW HITPOINT WARNING * * *
You feel much better.
You are covered in liquid flames!
The deep elf pyromancer gestures at you while chanting.
The sticky flame hits you but does no damage.
You are covered in liquid flames!
The slime creature hits you!
* * * LOW HITPOINT WARNING * * *
The tengu conjurer is distracted by your dazzling golden aura.
The tengu conjurer shouts!
You impale the slime creature!!
Your headbutt misses the slime creature.
The slime creature is severely wounded.
You are covered in liquid flames!
* * * LOW HITPOINT WARNING * * *
The deep elf pyromancer mumbles some strange words.
The deep elf pyromancer blinks!
The slime creature hits you!
* * * LOW HITPOINT WARNING * * *
You slice the slime creature!!
You kill the slime creature!
You are covered in liquid flames!
* * * LOW HITPOINT WARNING * * *
The deep elf pyromancer casts a spell at you.
The bolt of fire hits you!!
You die...
Your body crumbles into a pile of gold.

▓+▓
▓.▓
▓.▓
▓.▓
▓*▓
▓Q▓
▓$▓
▓@▓
$
▓.▓
$
▓§▓
$ $
▓.▓
$
▓.▓
$
▓e▓
$
▓)▓
$
▓)▓
▓.▓


You could see a deep elf pyromancer, a tengu conjurer and a battlesphere
(distracted).

Vanquished Creatures
  A centaur warrior (D)
  A kobold demonologist (D)
  An unseen horror (D)
  A troll (D)
  A troll (shapeshifter) (D)
  A slime creature (D)
  2 kobold brigands (D)
  A killer bee (D)
  An iguana (D)
  A gnoll bouda (D)
  An adder (D)
  A dart slug (D)
  2 orcs (D)
  A ball python (D)
  2 endoplasms (D)
  A bat (D)
  A frilled lizard (D)
20 creatures vanquished.

Notes
Turn   | Place    | Note
-------+----------+-------------------------------------------
     0 | D        | Heoruswealwe the Minotaur Fighter began the quest for the
                  | Orb.
     0 | D        | Reached XP level 1. HP: 19/19 MP: 0/0
     6 | D        | Reached skill level 3 in Polearms
    59 | D        | Noticed an iguana
    63 | D        | Killed an iguana
    64 | D        | Reached skill level 5 in Fighting
    64 | D        | Reached skill level 5 in Polearms
    64 | D        | Reached skill level 5 in Armour
    64 | D        | Reached XP level 2. HP: 22/29 MP: 1/1
    64 | D        | Reached XP level 3. HP: 27/36 MP: 2/2
    74 | D        | Reached skill level 6 in Polearms
    82 | D        | Found a snail-covered altar of Cheibriados.
    82 | D        | Found a shadowy altar of Dithmenos.
    82 | D        | Found a white marble altar of Elyvilon.
    82 | D        | Found a blossoming altar of Fedhas.
    82 | D        | Found an opulent altar of Gozag.
    83 | D        | Found a hazy altar of Hepliaklqana.
    84 | D        | Found a viscous altar of Jiyva.
    85 | D        | Found an ancient bone altar of Kikubaaqudgha.
    86 | D        | Found a corrupted altar of Lugonu.
    87 | D        | Found a burning altar of Makhleb.
    88 | D        | Found a sparkling altar of Nemelex Xobeh.
    89 | D        | Found an iron altar of Okawaru.
    90 | D        | Became a worshipper of Gozag Ym Sagoz the Greedy
    91 | D        | Found a stormy altar of Qazlal.
    92 | D        | Found a sacrificial altar of Ru.
    93 | D        | Found a shimmering blue altar of Sif Muna.
    94 | D        | Found a bloodstained altar of Trog.
    95 | D        | Found a hide-covered altar of Uskayaw.
    96 | D        | Found a radiant altar of Vehumet.
    97 | D        | Found an ornate altar of the Wu Jian Council.
    98 | D        | Found a shimmering altar of Xom.
    99 | D        | Found a basalt altar of Yredelemnul.
   100 | D        | Found a glowing silver altar of Zin.
   101 | D        | Found a glowing golden altar of the Shining One.
   155 | D        | Noticed a troll
   155 | D        | Noticed a kobold brigand
   155 | D        | Noticed a killer bee
   155 | D        | Noticed a kobold brigand
   164 | D        | Killed a kobold brigand
   165 | D        | Reached skill level 8 in Polearms
   165 | D        | Reached XP level 4. HP: 36/45 MP: 3/3
   176 | D        | Killed an unseen horror
   177 | D        | Reached skill level 12 in Polearms
   177 | D        | Reached XP level 5. HP: 8/57 MP: 4/4
   177 | D        | Reached XP level 6. HP: 9/63 MP: 5/5
   186 | D        | Reached XP level 7. HP: 11/71 MP: 6/6
   190 | D        | Killed a troll
   191 | D        | Reached skill level 10 in Fighting
   191 | D        | Reached skill level 14 in Polearms
   191 | D        | Reached skill level 10 in Armour
   342 | D        | Noticed a tengu conjurer
   342 | D        | Noticed a deep elf pyromancer
   342 | D        | Noticed a slime creature
   342 | D        | Noticed a troll
   342 | D        | Noticed a centaur warrior
   342 | D        | Noticed a kobold demonologist
   352 | D        | Killed a kobold demonologist
   353 | D        | Reached XP level 8. HP: 59/82 MP: 7/7
   357 | D        | Killed a centaur warrior
   358 | D        | Reached skill level 16 in Polearms
   361 | D        | Killed a troll
   366 | D        | Killed a slime creature
   366 | D        | HP: 4/85 [burnt (6)]
   366 | D        | Killed from afar by a deep elf pyromancer

Illustrated notes

Levels and vault maps discovered:
D:        linesprint [early_d, line_temple, items_1, d_10, items_2, lair_1,
          lair_end, items_3, orc_1, orc_end, items_4, d_15, swamp_1, shoals_1,
          snake_1, spider_1, d_20, vaults_1, items_5, swamp_end, shoals_end,
          snake_end, spider_end, vaults_end, d_27, items_6, zot_1, zot_end,
          crypt_end, forest_end, elf_end, slime_end, tomb_end, abyss_end,
          pan_hell_end]

Skill      XL: |  1  2  3  4  5  6  7  8 |
---------------+-------------------------+-----
Polearms       | 5 8 12 14 16 | 16.6
Fighting       | 5 6 9 11 12 | 12.4
Armour         | 5 6 9 11 12 | 12.5
Shields        | |  3.6

Action                     |  1- 3 |  4- 6 |  7- 9 || total
---------------------------+-------+-------+-------++-------
  Melee: Trident           |    32 |       |       ||    32
         Headbutt          |     7 |     3 |     5 ||    15
         Halberd           |     9 |    19 |    26 ||    54
    Use: Potion            |       |     1 |     2 ||     3
 Armour: Scale mail        |    15 |    16 |     5 ||    36
  Dodge: Dodged            |    15 |     3 |    15 ||    33
  Block: Buckler           |     2 |       |       ||     2
